 Dungeon Crawl Stone Soup version 0.16-a0-2652-gd333f3b (webtiles) character file.

9315 PolkaDot the Nimble (level 11, -6/80 HPs)
             Began as a Vampire Summoner on Nov 23, 2014.
             Was a Priest of Sif Muna.
             Engulfed by a cloud of freezing vapour (28 damage)
             ... in an ice cave.
             The game lasted 00:47:37 (10836 turns).

PolkaDot the Nimble (Vampire Summoner)             Turns: 10836, Time: 00:47:37

Health: -6/80      AC: 11    Str:  7    XL:     11   Next: 21%
Magic:  20/20      EV: 20    Int: 20    God:    Sif Muna [***...]
Gold:   612        SH:  0    Dex: 14    Spells: 5 memorised, 0 levels left

rFire  + . .     SeeInvis +     l - +2 spear (venom)
rCold  . . .     Clarity  .     e - +2 leather armour {rF+}
rNeg   + + .     SustAb   .     (no shield)
rPois  .         Gourm    .     h - +0 helmet
rElec  +         Spirit   .     (no cloak)
rCorr  +         Warding  .     w - +0 pair of gloves
rMut   .         Stasis   .     D - +2 pair of boots
MR     +....                    a - amulet of resist corrosion
Stlth  ++........               f - ring "Ronussu" {+Rage rElec rN+} (curse)
                                m - +4 ring of evasion

@: somewhat resistant to hostile enchantments, unstealthy
A: bottle blood, fangs 3, see invisible, unbreathing
a: Bat Form, Channel Energy, Forget Spell, Renounce Religion, Evoke Berserk Rage


You were in an ice cave.
You worshipped Sif Muna.
Sif Muna was most pleased with you.
You were not thirsty.

You visited 3 branches of the dungeon, and saw 14 of its levels.
You also visited: Ice Cave.

You collected 612 gold pieces.

Inventory:

Hand weapons
 l - a +2 spear of venom (weapon)
 K - a +0 quarterstaff of crushing
Missiles
 z - 2 throwing nets (quivered)
Armour
 e - a +2 leather armour of fire resistance (worn)
 h - a +0 helmet (worn)
 w - a +0 pair of gloves (worn)
 D - a +2 pair of boots (worn)
Jewellery
 a - an amulet of resist corrosion (around neck)
 f - the cursed ring "Ronussu" (right hand) {+Rage rElec rN+}
   (You found it on level 6 of the Dungeon)

   [ring of positive energy]

   It insulates you from electricity.
   It protects you from negative energy.
   It lets you go berserk.
   It has a curse placed upon it.
 m - a +4 ring of evasion (left hand)
 r - an uncursed ring of stealth {unknown}
 x - an uncursed ring of ice
Magical devices
 i - a wand of random effects (23)
 n - a wand of slowing (0)
Scrolls
 c - 4 scrolls of teleportation
 d - a scroll of recharging
 j - 4 scrolls of fog
 p - a scroll of enchant weapon
 v - a scroll of enchant armour
 y - 5 scrolls of remove curse
 B - 2 scrolls of blinking
Potions
 g - a potion of brilliance
 k - a potion of cure mutation {!q}
 o - 11 potions of blood {@*1}
 q - 3 potions of restore abilities
 s - 3 potions of curing
 C - a potion of heal wounds
 E - a potion of lignification
 H - a potion of magic
 I - a potion of agility
Books
 b - a book of Callings

   Spells                             Type                      Level
   *Summon Small Mammal               Summoning                    1
   *Call Imp                          Summoning                    2
   *Call Canine Familiar              Summoning                    3
   *Summon Guardian Golem             Hexes/Summoning              4
   Summon Lightning Spire             Summoning/Air                4
   *Summon Ice Beast                  Ice/Summoning                4


   Skills:
 - Level 5.5 Fighting
 * Level 0.7 Staves
 - Level 4.1 Armour
 - Level 10.2 Dodging
 - Level 3.0 Stealth
 - Level 2.0 Spellcasting
 - Level 5.1 Hexes
 + Level 9.6 Summonings
 - Level 5.0 Ice Magic
 - Level 5.8 Invocations


You couldn't memorise any spells.
You knew the following spells:

 Your Spells              Type           Power        Failure   Level  Hunger
a - Summon Small Mammal   Summ           ####         1%          1    #......
d - Call Canine Familiar  Summ           #####...     1%          3    ###....
g - Summon Guardian Gole  Hex/Summ       ####....     10%         4    #####..
i - Summon Ice Beast      Ice/Summ       ####....     10%         4    #####..
s - Call Imp              Summ           #####...     1%          2    ##.....


Dungeon Overview and Level Annotations

Branches:
Dungeon (10/15)            Temple (1/1) D:6            Lair (3/8) D:9
  Swamp: Lair:3-6    Shoals: Lair:3-6     Snake: Lair:3-6    Spider: Lair:3-6
    Orc: D:9-12

Altars:
Ashenzari
Cheibriados
Dithmenos
Elyvilon
Fedhas
Gozag
Makhleb
Nemelex Xobeh
Okawaru
Qazlal
Sif Muna
Trog
Vehumet
Xom
Zin
The Shining One

Shops:
D:5 !   D:8 %

Annotations:
D:6 exclusion: oklob plant


Innate Abilities, Weirdness & Mutations

You can bottle blood from corpses.
You have razor-sharp teeth.
You have supernaturally acute eyesight.
You can survive without breathing.


Message History

The yak is severely wounded.
You closely miss the yak. You bite the yak, but do no damage.
The yak is severely wounded.
You are engulfed in freezing vapours.
* * * LOW HITPOINT WARNING * * *
The yak is engulfed in freezing vapours.
The yak dies!
You are engulfed in freezing vapours.
* * * LOW HITPOINT WARNING * * *
You see here a yak corpse.
You are engulfed in freezing vapours.
* * * LOW HITPOINT WARNING * * *
You start resting.
You are engulfed in freezing vapours.
* * * LOW HITPOINT WARNING * * *
Drink which item? (? for menu, Esc to quit)
Okay, then.
Unknown command.
You are engulfed in freezing vapours.
You die...

#..##
#.∩.#
##..##
#.∩.#
#...#
#...##
##.§.#
#§§§##
##@§#
##§##
#§§##
##§.##
##§.#
#§§§.#
#§#§§##
##.§##
Y##


There were no monsters in sight!

Vanquished Creatures
  A komodo dragon (Lair:1)
  A deep elf mage (D:7)
  5 yaks (D:9)
  A wolf (Lair:1)
  A hippogriff (D:8)
  A water moccasin (Lair:1)
  4 porcupines
  2 ogres (D:8)
  A sky beast (D:7)
  2 spiders (D:8)
  A yellow wasp (D:8)
  A boring beetle (D:8)
  3 centaurs
  2 crocodiles (D:9)
  6 giant frogs
  Blork the orc (D:4)
  2 killer bees (D:9)
  A jelly (D:6)
  2 wights (D:9)
  3 goliath beetles
  A quasit (D:7)
  A centaur skeleton (D:4)
  4 hounds
  2 worker ants
  4 orc wizards
  2 iguanas
  4 sheep (Lair:1)
  A worker ant zombie (D:8)
  A mummy (D:6)
  12 adders
  5 gnolls (D:8)
  15 river rats
  A giant mite (D:1)
  A worm (D:3)
  An adder skeleton (D:4)
  18 orcs
  4 ball pythons
  11 goblins
  4 hobgoblins
  4 jackals
  2 oozes
  3 quokkas
  13 bats
  6 giant cockroaches
  3 giant geckos
  A giant gecko skeleton (D:4)
  A giant newt (D:4)
  9 kobolds
  13 rats
188 creatures vanquished.

Vanquished Creatures (collateral kills)
  Gastronok (Lair:2)
  Fannar (Lair:2)
  A hydra (Lair:1)
  2 black mambas
  4 spiny frogs
  A troll (D:10)
  2 slime creatures (D:7)
  A basilisk (Lair:2)
  A wyvern (D:8)
  Eustachio (D:5)
  2 yaks
  A hippogriff (D:7)
  5 wolves
  Edmund (D:6)
  2 water moccasins
  A black bear (Lair:3)
  A phantom (D:8)
  A sky beast (D:8)
  An ogre (D:8)
  2 ice beasts
  A crocodile (Lair:3)
  A gnoll sergeant (D:6)
  A wight (D:9)
  6 killer bees (D:9)
  3 goliath beetles
  A gnoll shaman (D:8)
  A centaur skeleton (D:8)
  3 crimson imps
  A jelly (D:5)
  3 hounds
  5 worker ants
  Jessica (D:2)
  A worker ant zombie (D:6)
  9 gnolls
  7 adders
  A giant mite (D:1)
  A shadow imp (D:8)
  2 worms (D:2)
  A giant gecko (D:6)
  2 orcs (D:4)
  2 bat skeletons
  A giant cockroach (D:5)
  2 goblins
  4 hobgoblins
  5 jackals
  A quokka (D:7)
  4 bats
  5 kobolds
  3 rats
  A fungus (Lair:3)
111 creatures vanquished.

Vanquished Creatures (others)
  2 yaks (IceCv)
  5 wolves
  13 ice beasts
  19 hounds
  3 crimson imps (D:6)
  A shadow imp (D:4)
  A white imp (D:6)
  A bat (D:1)
  3 rats (D:1)
  A fungus (Lair:2)
49 creatures vanquished.

Grand Total: 348 creatures vanquished

Notes
Turn   | Place    | Note
--------------------------------------------------------------
     0 | D:1      | PolkaDot, the Vampire Summoner, began the quest for the Orb.
     0 | D:1      | Reached XP level 1. HP: 13/13 MP: 3/3
   214 | D:1      | Reached skill level 1 in Fighting
   214 | D:1      | Reached XP level 2. HP: 14/21 MP: 4/4
   320 | D:1      | Learned a level 2 spell: Call Imp
   752 | D:1      | Reached XP level 3. HP: 26/26 MP: 6/6
   762 | D:1      | Learned a level 3 spell: Call Canine Familiar
  1232 | D:2      | Noticed Jessica
  1268 | D:2      | Killed Jessica
  1457 | D:2      | Reached XP level 4. HP: 21/34 MP: 1/7
  1768 | D:2      | Noticed a moth of wrath
  1770 | D:2      | Found a bloodstained altar of Trog.
  2316 | D:3      | Reached skill level 5 in Summonings
  2611 | D:4      | Reached XP level 5. HP: 36/41 MP: 1/9
  2612 | D:4      | Reached skill level 1 in Armour
  3105 | D:4      | Reached XP level 6. HP: 40/47 MP: 10/10
  3352 | D:4      | Noticed Blork the orc
  3365 | D:4      | Killed Blork the orc
  3486 | D:5      | Entered Level 5 of the Dungeon
  3496 | D:5      | Noticed Eustachio
  3506 | D:5      | Killed Eustachio
  3548 | D:5      | Found Timeni Meol's Distillery.
  3600 | D:5      | Reached XP level 7. HP: 22/52 MP: 4/12
  3720 | D:5      | Reached skill level 6 in Summonings
  3956 | D:5      | Learned a level 4 spell: Summon Ice Beast
  3991 | D:6      | Found a shattered altar of Ashenzari.
  3991 | D:6      | Found a staircase to the Ecumenical Temple.
  3998 | D:6      | Noticed Edmund
  4010 | D:6      | Killed Edmund
  4050 | Temple   | Entered the Ecumenical Temple
  4105 | Temple   | Became a worshipper of Sif Muna the Loreminder
  4236 | D:6      | Got a bound bronze ring
  4239 | D:6      | Identified the ring "Ronussu" {+Rage rElec rN+} (You found it on level 6 of the Dungeon)
  4279 | D:6      | Found a blossoming altar of Fedhas.
  4309 | D:6      | Found a snail-covered altar of Cheibriados.
  4323 | D:6      | Reached skill level 1 in Ice Magic
  4940 | D:6      | Found a blossoming altar of Fedhas.
  4960 | D:6      | Noticed an oklob plant
  5065 | D:7      | Reached XP level 8. HP: 58/60 MP: 13/13
  5457 | D:7      | Acquired Sif Muna's first power
  5506 | D:7      | Reached skill level 5 in Ice Magic
  5660 | D:7      | Noticed a slime creature
  5667 | D:7      | Noticed a slime creature
  5667 | D:7      | Killed a slime creature
  5667 | D:7      | Reached skill level 1 in Invocations
  5670 | D:7      | Noticed a slime creature
  5673 | D:7      | Noticed a slime creature
  5677 | D:7      | Killed a very large slime creature
  5677 | D:7      | Reached skill level 5 in Fighting
  5766 | D:7      | Noticed a deep elf mage
  5784 | D:7      | Killed a deep elf mage
  5784 | D:7      | Reached skill level 7 in Summonings
  6089 | D:7      | Found a glowing golden altar of the Shining One.
  6129 | D:8      | Found Chuaxiomn's Food Shoppe.
  6139 | D:8      | Reached XP level 9. HP: 64/68 MP: 14/14
  6517 | D:8      | Found a sparkling altar of Nemelex Xobeh.
  6679 | D:8      | Reached skill level 5 in Dodging
  6681 | D:8      | Found a white marble altar of Elyvilon.
  7081 | D:9      | Reached skill level 8 in Summonings
  7261 | D:9      | Reached XP level 10. HP: 30/74 MP: 6/17
  7287 | D:9      | Acquired Sif Muna's second power
  7444 | D:9      | Found a staircase to the Lair.
  8272 | D:10     | Entered Level 10 of the Dungeon
  8318 | D:10     | Reached skill level 5 in Invocations
  8346 | Lair:1   | Entered Level 1 of the Lair of Beasts
  8798 | Lair:1   | Noticed a four-headed hydra
  8968 | Lair:1   | Noticed a black mamba
  8991 | Lair:1   | Killed a black mamba
  9179 | Lair:1   | Killed a four-headed hydra
  9179 | Lair:1   | Reached skill level 9 in Dodging
  9604 | Lair:2   | Noticed Gastronok
  9613 | Lair:2   | Killed Gastronok
  9613 | Lair:2   | Reached skill level 10 in Dodging
  9685 | Lair:2   | Noticed Fannar
  9736 | Lair:2   | Killed Fannar
  9736 | Lair:2   | Reached XP level 11. HP: 61/80 MP: 3/20
  9750 | Lair:2   | Learned a level 4 spell: Summon Guardian Golem
 10160 | Lair:2   | Noticed a black mamba
 10167 | Lair:2   | Killed a black mamba
 10609 | Lair:3   | Found a frozen archway.
 10617 | Lair:3   | Reached skill level 5 in Hexes
 10667 | IceCv    | Entered an ice cave
 10836 | IceCv    | Engulfed by a cloud of freezing vapour

Action                   |  1- 3 |  4- 6 |  7- 9 | 10-12 || total
-------------------------+-------+-------+-------+-------++-------
Melee: Unarmed           |     8 |       |       |       ||     8
       Dagger            |    99 |   108 |       |       ||   207
       Falchion          |       |   118 |    79 |       ||   197
       Spear             |       |       |   250 |   287 ||   537
       Quarterstaff      |       |       |       |     4 ||     4
 Cast: Summon Small Mamm |    12 |       |       |       ||    12
       Call Imp          |     6 |    18 |    16 |     3 ||    43
       Call Canine Famil |       |     8 |    24 |    15 ||    47
       Summon Ice Beast  |       |       |    18 |    54 ||    72
       Summon Guardian G |       |       |       |     1 ||     1
Invok: Channel Energy    |       |       |    13 |    73 ||    86
Evoke: Wand              |       |       |     2 |     4 ||     6
  Use: Potion            |     2 |    18 |    36 |    42 ||    98
       Scroll            |       |    14 |     5 |     9 ||    28
 Stab: Sleeping          |     3 |     9 |    12 |     3 ||    27
       Invisible         |       |     1 |     1 |       ||     2
       Distracted        |       |     2 |     2 |     7 ||    11
  Eat: Corpse            |    12 |       |       |       ||    12
